 Dungeon Crawl Stone Soup version 0.26-a0-1058-g8dc6ce00ff (webtiles) character file.

Game seed: 5077262911939337037

1 Froggeryz the Thaumaturge (level 1, 0/13 HPs)
             Began as a Gnoll Wanderer on Dec 13, 2020.
             Killed from afar by a dart slug (5 damage)
             ... with a slug dart
             ... on level 1 of the Dungeon.
             The game lasted 00:00:08 (22 turns).

Froggeryz the Thaumaturge (Gnoll Wanderer)            Turns: 22, Time: 00:00:09

Health: 0/13       AC:  2    Str: 15    XL:     1   Next: 20%
Magic:  12/12      EV: 11    Int: 15    God:
Gold:   11         SH:  0    Dex: 12    Spells: 22/22 levels left

rFire    . . .     SeeInvis .   a - +0 club
rCold    . . .     Faith    .   (no shield)
rNeg     . . .     Spirit   .   d - +0 robe
rPois    .         Reflect  .   (no helmet)
rElec    .         Harm     .   (no cloak)
rCorr    .         Rampage  .   (no gloves)
Will     .....                  (no boots)
Stlth    ++........             (no amulet)
HPRegen  0.04/turn              (no ring)
MPRegen  0.13/turn              (no ring)

@: no status effects
A: distributed training, fangs 1, strong nose
a: no special abilities


You were on level 1 of the Dungeon.
You visited 1 branch of the dungeon, and saw 1 of its levels.

You collected 11 gold pieces.

Inventory:

Hand Weapons
 a - a +0 club (weapon)
Armour
 d - a +0 robe (worn)
Wands
 c - a wand of random effects (15) (quivered)


   Skills:
 + Level 0.0 Fighting
 + Level 0.0 Short Blades
 + Level 0.0 Long Blades
 + Level 0.0 Axes
 + Level 0.0 Maces & Flails
 + Level 0.0 Polearms
 + Level 0.0 Staves
 + Level 0.0 Slings
 + Level 0.0 Bows
 + Level 0.0 Crossbows
 + Level 0.0 Throwing
 + Level 0.0 Armour
 + Level 0.0 Dodging
 + Level 2.1 Stealth
 + Level 0.0 Shields
 + Level 0.0 Unarmed Combat
 + Level 11.1 Spellcasting
 + Level 1.9 Conjurations
 + Level 0.0 Hexes
 + Level 0.0 Summonings
 + Level 0.0 Necromancy
 + Level 0.0 Translocations
 + Level 0.0 Transmutations
 + Level 3.6 Fire Magic
 + Level 0.0 Ice Magic
 + Level 0.0 Air Magic
 + Level 0.0 Earth Magic
 + Level 0.0 Poison Magic
 + Level 0.0 Invocations
 + Level 2.3 Evocations


You had 22 spell levels left.
You didn't know any spells.
Your spell library contained the following spells:

 Spells                   Type           Power        Failure   Level
 Magic Dart               Conj           ##..         4%          1
 Summon Small Mammal      Summ           #...         9%          1
 Conjure Flame            Conj/Fire      ###.....     9%          3
 Blink                    Tloc           N/A          13%         2
 Call Imp                 Summ           #.......     13%         2
 Slow                     Hex            #.......     13%         2
 Mephitic Cloud           Conj/Pois/Air  ##......     21%         3
 Call Canine Familiar     Summ           #.......     26%         3


Dungeon Overview and Level Annotations

Branches:
Dungeon (1/15)

Altars:


Innate Abilities, Weirdness & Mutations

Your experience applies equally to all skills.
You have very sharp teeth.
Your uncanny sense of smell can sniff out nearby items.


Message History

Found a scroll labelled FAPHYHE ISERI.
You hit the hobgoblin.
The hobgoblin is severely wounded.
A rat comes into view.
The hobgoblin closely misses you.
You barely miss the hobgoblin.
The hobgoblin is severely wounded.
The dart slug launches a dart at you. The slug dart misses you.
The hobgoblin hits you with a +0 club.
You hit the hobgoblin but do no damage.
The hobgoblin is severely wounded.
The hobgoblin closely misses you.
You hit the hobgoblin.
You kill the hobgoblin!
You hit the gnoll. You bite the gnoll, but do no damage.
The gnoll is moderately wounded.
The gnoll hits you with a +0 club. The dart slug launches a dart at you.
The slug dart hits you.
You die...

>...... ∆ .......
....... ##w.....?
#........ #........
###.gr.....
#..@)......
#.#........
#.#################
#..................
#...######......####
#...................
#...##..##......##..
#...................
############><######


You could see a gnoll, a dart slug and a rat.

Vanquished Creatures
  A hobgoblin (D:1)
1 creature vanquished.

Notes
Turn   | Place    | Note
-------+----------+-------------------------------------------
     0 | D:1      | Reached skill level 11 in Spellcasting
     0 | D:1      | Froggeryz the Gnoll Wanderer began the quest for the Orb.
     0 | D:1      | Froggeryz set off with the following items: a +0 club, a
                  | wand of random effects (15), a +0 robe; and the following
                  | spells available to memorise: Magic Dart, Summon Small
                  | Mammal, Conjure Flame, Blink, Call Imp, Slow, Mephitic
                  | Cloud, Call Canine Familiar
     0 | D:1      | Reached XP level 1. HP: 13/13 MP: 12/12
    22 | D:1      | Killed from afar by a dart slug

Illustrated notes

Levels and vault maps discovered:
D:1:      dpeg_arrival_line_fractal, layout_rooms

Skill      XL: | |
---------------+-+-----
Spellcasting   | | 11.1
Stealth        | |  2.1
Conjurations   | |  1.9
Fire Magic     | |  3.6
Evocations     | |  2.3

Action                   || total
-------------------------++-------
Melee: Club              ||     5
       Bite              ||     1
Dodge: Dodged            ||     4

Table legend: (Time is in decaauts)
 A = Elapsed time spent in this place.
 B = Non-inter-level travel time spent in this place.
 C = Inter-level travel time spent in this place.
 D = Time resting spent in this place.
 E = Time spent auto-exploring this place.
 F = Levels seen in this place.
 G = Mean time per level.
                   A        B        C        D        E       F      G
               +--------+--------+--------+--------+--------+-----+--------+
         Total |     23 |     23 |      0 |      0 |     14 |   1 |   23.0 |
       Dungeon |     23 |     23 |      0 |      0 |     14 |   1 |   23.0 |
               +--------+--------+--------+--------+--------+-----+--------+

Top non-repeatable levels by time:
     D:1: 23 daAuts
